Cogmind - Beta 15 @@@ ROGUE MODE // 2025.05.10 @ 21:27:24 Player: FloorSandwich Result: Self-destructed Performance ------------- Evolutions (1) 500 Regions Visited (2) 400 Robots Destroyed (29) 145 Value Destroyed (607) 607 Prototype IDs (0) 0 Alien Tech Used (0) 0 Bonus (0) 0 TOTAL SCORE: 1652 Bonus ------- None Cogmind --------- Core Integrity 53/400 Matter 287/300 Energy 415/415 System Corruption 0% Temperature Cool (0) Movement Walking (120) Location -9/Materials Parts ------- > --- POWER (2) -------- Ion Engine Reinforced Ion Engine > --- PROPULSION (2) --- Aluminum Leg Aluminum Leg > --- UTILITY (2) ------ Visual Processing Unit Light Armor Plating > --- WEAPON (3) ------- (None) > --- INVENTORY (5) ---- (None) Peak State ------------ > --- POWER ------------ Ion Engine Reinforced Ion Engine > --- PROPULSION ------- Aluminum Leg Aluminum Leg > --- UTILITY ---------- Visual Processing Unit Light Armor Plating > --- WEAPON ----------- Hammer > --- INVENTORY -------- (None) [Rating: 9] Favorites ----------- Power Light Ion Engine Engine Light Ion Engine Propulsion Wheel Leg Aluminum Leg Wheel Wheel Utility ECM Suite Device ECM Suite Processor Visual Processing Unit Protection Light Armor Plating Weapon Light Assault Rifle Energy Gun Particle Gun Ballistic Gun Light Assault Rifle Impact Weapon Hammer Build | -11 -10 -9 ------- Run | Yrd Mat Mat Slots Evolved 2 | . . 2 Power 1 | . . 1 Propulsion . | . . . Utility . | . . . Weapon 1 | . . 1 Parts Attached 24 | 5 7 12 Power 8 | 1 2 5 Engine 8 | 1 2 5 Core . | . . . Reactor . | . . . Propulsion 5 | 2 1 2 Treads . | . . . Leg 2 | . . 2 Wheel 3 | 2 1 . Hover . | . . . Flight . | . . . Utility 5 | . 3 2 Device 2 | . 2 . Storage . | . . . Processor 2 | . 1 1 Hackware . | . . . Protection 1 | . . 1 Artifact . | . . . Weapon 6 | 2 1 3 Energy Gun 1 | . . 1 Energy Cannon . | . . . Ballistic Gun 4 | 2 1 1 Ballistic Cannon . | . . . Launcher . | . . . Special Weapon . | . . . Impact Weapon 1 | . . 1 Slashing Weapon . | . . . Piercing Weapon . | . . . Special Melee Weapon . | . . . Unidentified Prototypes . | . . . Parts Lost 13 | . 4 9 Power 3 | . 1 2 Propulsion 3 | . 2 1 Utility 1 | . . 1 Weapon 6 | . 1 5 Highest Loss Streak 6 | . 2 6 To Critical Strikes . | . . . Average Backups 1 | 1 1 1 Power . | . . . Propulsion . | . . . Utility . | . . . Weapon . | 1 . 1 Tool/Special . | . . . Unused Backups . | . . . Power . | . . . Propulsion . | . . . Utility . | . . . Weapon . | . . . Tool/Special . | . . . Average Slot Usage (%) 73 | . 88 64 Engine 16 | . 12 19 Leg 1 | . . 2 Wheel 14 | . 24 8 Device 11 | . 16 8 Processor 9 | . 8 11 Ballistic Gun 16 | . 25 11 Impact Weapon 1 | . . 1 Peak Build Rating 9 | 5 7 9 Average Rating 6 | 3 6 6 On Entrance 3 | . 5 6 Naked Turns . | . . . Heaviest Build 20 | 7 10 20 Greatest Support 26 | 26 26 20 Greatest Overweight (x) 3 | . . 3 Average Overweight (x) . | . . . Largest Inventory Capacity 5 | 5 5 5 Average Capacity 5 | 5 5 5 Most Carried 4 | 4 4 4 Average Carried 1 | 1 1 1 Final Capacity 5 | 5 5 5 Final Carried 1 | 1 1 . Class Distribution -------------------- 83% | Mutant 9% | Infiltrator-Mutant 7% | Scavenger-Mutant Dominant Class ---------------- Mutant | -10/Materials Mutant | -9/Materials Resources | -11 -10 -9 ----------- Run | Yrd Mat Mat Matter Collected 492 | 219 151 122 Remotely . | . . . Salvage Created 918 | . 461 457 Parts 49 | . 26 23 Haulers Intercepted . | . . . Recyclers Shooed . | . . . Parts Field Recycled . | . . . Retrieved Matter . | . . . Parts Self-Destructed . | . . . Prevented . | . . . Kills | -11 -10 -9 ------- Run | Yrd Mat Mat Combat Hostiles Destroyed 20 | . 12 8 Melee 3 | . . 3 Guns 15 | . 10 5 AOE 2 | . 2 . Classes Destroyed 9 | . 6 3 Builder 2 | . 2 . Tunneler 1 | . 1 . Recycler 4 | . 2 2 Mechanic 1 | . . 1 Watcher 1 | . 1 . Swarmer 9 | . 6 3 Grunt 9 | . 6 3 Brawler 1 | . . 1 Sentry 1 | . . 1 Best Kill Streak 8 | . 8 3 Combat Bots Only 3 | . 3 3 Max Kills in Single Turn 7 | . 7 1 Gunslinging . | . . . Exploded 2 | . 2 . Melee 1 | . . 1 Uniques/NPCs Destroyed . | . . . Combat | -11 -10 -9 -------- Run | Yrd Mat Mat Hostile Shots Fired 172 | . 66 106 Missed 42 | . 13 29 Hits 130 | . 53 77 Melee 1 | . . 1 Projectile 129 | . 53 76 Critical Strikes 2 | . . 2 Damage Taken 1581 | . 590 991 Core 575 | . 228 347 Absorbed by Shields . | . . . Core Remaining (%) 54 | 100 8 . Volleys Fired 76 | . 44 32 Largest 2 | . 2 2 Hottest 85 | . 40 85 Shots Fired 119 | . 76 43 Gun 119 | . 76 43 Cannon . | . . . Launcher . | . . . Special . | . . . Kinetic 103 | . 76 27 Thermal 16 | . . 16 Explosive . | . . . Electromagnetic . | . . . Robot Hit Streak 8 | . 8 7 Robot Miss Streak 7 | . 7 3 Penetration Max . | . . . Secondary Targets 1 | . 1 . Max Gunslinging Chain 1 | . 1 . Shots Hit Robots 85 | . 42 43 Core Hits 48 | . 32 16 Critical Kills 1 | . . 1 Critical Parts Destroyed 1 | . . 1 Critical Strikes 3 | . . 3 Burn 1 | . . 1 Smash 2 | . . 2 Melee Attacks 20 | . . 20 Impact 20 | . . 20 Slashing . | . . . Piercing . | . . . Sneak Attacks 3 | . . 3 Combat Hostiles . | . . . Follow-up Attacks . | . . . Damage Inflicted 1556 | . 776 780 Guns 661 | . 327 334 Cannons . | . . . Explosions 445 | . 445 . Melee 442 | . . 442 Ramming 8 | . 4 4 Kinetic 449 | . 327 122 Thermal 657 | . 445 212 Explosive . | . . . Electromagnetic . | . . . Impact 442 | . . 442 Slashing . | . . . Piercing . | . . . Highest Corruption 1 | . 1 . Average Corruption 1 | . 1 . Corruption Purged . | . . . Corruption Blocked . | . . . Effects 2 | . 2 . Message Errors 1 | . 1 . Misfires 1 | . 1 . Overload Shots . | . . . Overflow Damage 103 | . 5 98 Projectiles . | . . . Explosions 5 | . 5 . Melee 98 | . . 98 Knockbacks 4 | . . 4 Impact 3 | . . 3 Kinetic . | . . . Secondary 1 | . . 1 Self-Inflicted Damage 124 | . 124 . Shots 2 | . 2 . Rammed 2 | . 1 1 Targets Rammed 3 | . 1 2 Kicked 1 | . . 1 Crushed . | . . . Highest Temperature 206 | . 24 206 Average Temperature 54 | . 4 63 Received Heat Transfer 441 | . 90 351 Siege Activations . | . . . Martial Activations . | . . . Shielding Activations . | . . . Robots Disrupted . | . . . Combat Hostiles . | . . . Robots Corrupted 2 | . . 2 Combat Hostiles . | . . . Parts Fried 3 | . . 3 Impact Corruptions 4 | . . 4 Robots Melted . | . . . Combat Hostiles . | . . . Parts Melted 2 | . 2 . Heat Transferred 942 | . 350 592 Parts Sabotaged . | . . . Parts Stolen . | . . . Parts Stripped . | . . . Power Chain Reactions . | . . . Alert | -11 -10 -9 ------- Run | Yrd Mat Mat Maximum Alert Level 1 | . 1 . Low Security (%) 90 | 100 72 100 Level 1 9 | . 27 . Level 2 . | . . . Level 3 . | . . . Level 4 . | . . . Level 5 . | . . . High Security . | . . . Max Security . | . . . Peak Influence 234 | . 234 101 Initial 91 | . . 91 Average 51 | . 81 37 Influence Increases 715 | . 465 250 Destroy 0b10 Robot/C 400 | . 240 160 Destroy 0b10 Robot/NC 45 | . 30 15 Destroy Leader 82 | . 52 30 Successful Hack 28 | . 28 . Disable Machine 90 | . 90 . Destroy Structure 10 | . 10 . Partial Spotted 45 | . 15 30 Lose Combat Pursuer 15 | . . 15 Influence Decreases 649 | . 247 402 Entered New Map 127 | . . 127 Time Decay 452 | . 207 245 Lost Part 70 | . 40 30 Squads Dispatched 5 | . 4 1 Investigation 3 | . 3 . Extermination . | . . . Reinforcement 2 | . 1 1 Assault . | . . . Garrison . | . . . Intercept . | . . . Searches Triggered . | . . . Construction Impeded . | . . . Haulers Reinforced . | . . . Active Scanning Responses . | . . . Cargo Convoy Interrupts . | . . . Stealth | -11 -10 -9 --------- Run | Yrd Mat Mat Distress Signals 1 | . 1 . Communications Jammed . | . . . Distress Signals . | . . . Times Spotted 43 | . 29 14 Peak Tracking Total 5 | . 5 4 Tactical Retreats 4 | . 3 1 Traps | -11 -10 -9 ------- Run | Yrd Mat Mat Traps Triggered 2 | . 1 1 Indirectly . | . . . Trap Hack Attempts . | . . . Triggered . | . . . Disarmed . | . . . Reprogrammed . | . . . Reused . | . . . Traps Extracted . | . . . Installed . | . . . Triggered . | . . . Machines | -11 -10 -9 ---------- Run | Yrd Mat Mat Machines Disabled 6 | . 6 . Max in Single Turn 6 | . 6 . Machines Repaired . | . . . Machines Dismantled . | . . . Machines Sabotaged . | . . . Overloaded Fab Kills . | . . . Hacking | -11 -10 -9 --------- Run | Yrd Mat Mat Machines Accessed 6 | . 5 1 Terminals 4 | . 4 . Fabricators . | . . . Repair Stations 1 | . 1 . Recycling Units . | . . . Scanalyzers 1 | . . 1 Garrison Access . | . . . Total Hacks 18 | . 16 2 Successful 9 | . 7 2 Failed 9 | . 9 . Catastrophic 1 | . 1 . Database Lockouts . | . . . Manual . | . . . Terminals 12 | . 12 . Fabricators . | . . . Repair Stations 4 | . 4 . Recycling Units . | . . . Scanalyzers 2 | . . 2 Garrison Access . | . . . Terminal Hacks 6 | . 6 . Emergency Access Points 1 | . 1 . Locate Traps 1 | . 1 . Maintenance Status 1 | . 1 . Investigation Status 1 | . 1 . Recall Investigation 1 | . 1 . Hauler Manifests 1 | . 1 . Fabricator Hacks . | . . . Repair Station Hacks 1 | . 1 . Scan Component 1 | . 1 . Recycling Unit Hacks . | . . . Scanalyzer 2 | . . 2 Insert Component 1 | . . 1 Analyze 1 | . . 1 Garrison Access Hacks . | . . . Unauthorized Hacks . | . . . Terminals . | . . . Fabricators . | . . . Repair Stations . | . . . Recycling Units . | . . . Scanalyzers . | . . . Garrison Access . | . . . Data Cores Recovered . | . . . Used . | . . . Hacking Detections 4 | . 4 . Full Trace Events 2 | . 2 . Feedback Events 1 | . 1 . Corruption 1 | . 1 . Feedback Blocked . | . . . Robot Schematics Acquired . | . . . Robots Built . | . . . Authchips . | . . . Time . | . . . Total Robot Build Rating . | . . . Part Schematics Acquired 1 | . . 1 Parts Built . | . . . Authchips . | . . . Time . | . . . Total Part Build Rating . | . . . Parts Repaired . | . . . Time . | . . . Parts Recycled . | . . . Recycled Matter . | . . . Retrieved Matter . | . . . Retrieved Components . | . . . Parts Scanalyzed 1 | . . 1 Part Schematics Acquired 1 | . . 1 Parts Damaged . | . . . Bothacking | -11 -10 -9 ------------ Run | Yrd Mat Mat Used RIF Installer . | . . . Robots Hacked . | . . . Non-combat . | . . . Combat . | . . . Robot Hacks Applied . | . . . Relay Couplers Released . | . . . Fabnet Peak Effective % . | . . . Robots Rewired . | . . . Allies Hacked . | . . . Hacks Repelled . | . . . Allies | -11 -10 -9 -------- Run | Yrd Mat Mat Total Allies . | . . . Largest Group . | . . . Highest-Rated Group . | . . . Highest-Rated Ally . | . . . Total Orders . | . . . Ally Attacks . | . . . Total Damage . | . . . Kills . | . . . Allies Corrupted . | . . . Allies Melted . | . . . Intel | -11 -10 -9 ------- Run | Yrd Mat Mat Active Infowar (turns) 1483 | . 531 952 Optics 719 | . . 719 Structural 201 | . 201 . ECM 1218 | . 483 735 Robot Analysis Total . | . . . Derelict Logs Recovered . | . . . Drone Launches . | . . . Drone Recoveries . | . . . Exploration | -11 -10 -9 ------------- Run | Yrd Mat Mat Turns Passed 1579 | 59 568 952 Spaces Moved 906 | 56 486 364 Core 35 | 4 . 31 Treads . | . . . Legs 50 | . . 50 Wheels 821 | 52 486 283 Hover . | . . . Flight . | . . . Fastest Speed 50 | 50 80 50 Average Speed 94 | 87 86 105 Slowest Speed 200 | 90 90 200 Overloaded Moves . | . . . Propulsion Burnouts . | . . . Robots Hopped . | . . . Potential Cave-ins . | . . . Cave-ins Triggered . | . . . Exploration Rate (%) 30 | 3 65 24 Regions Visited 2 Branch Regions . Pre-discovered Areas . | . . . Known Exits Taken . | . . . Unknown Exits Taken 2 | 1 1 . Scrap Searched . | . . . Spaces Dug . | . . . Terrain Destroyed 11 | . 11 . Melee . | . . . Projectile . | . . . AOE 11 | . 11 . Terrain Rammed . | . . . Walls Destroyed . | . . . Machines Disabled . | . . . Actions | -11 -10 -9 --------- Run | Yrd Mat Mat Total 1500 | 66 575 859 Wait 444 | . 29 415 Move 904 | 55 485 364 Hop . | . . . Pick Up 24 | 6 7 11 Fast Attach . | . . . Attach 23 | 5 7 11 Detach . | . . . Swap 1 | . . 1 Drop 5 | . 2 3 Fire 76 | . 44 32 Melee 20 | . . 20 Ram 2 | . 1 1 Kick 1 | . . 1 Crush . | . . . Escape Stasis . | . . . Rewire . | . . . Trap . | . . . Miscellaneous . | . . . Route ------- -11/Scrapyard -10/Materials (discovered 5 exits: *Mat x2 / [*Min x2] / [Sub]) -9/Materials History --------- Turn | Location | Event 16 | -11/Scrapyard | Discovered new exit (range 16) 60 | -11/Scrapyard | Entered Materials 106 | -10/Materials | Discovered new exit (range 9) 239 | -10/Materials | Discovered new exit (range 16) 272 | -10/Materials | Discovered new exit (range 16) 447 | -10/Materials | Discovered new exit (range 13) 463 | -10/Materials | Core integrity fell below 50% 587 | -10/Materials | Core integrity fell below 20% 598 | -10/Materials | Build established: Mutant 625 | -10/Materials | Discovered new exit (range 4) 628 | -10/Materials | Entered another Materials area 628 | -9/Materials | Evolved 2 slots: Power x1, Weapon x1 1396 | -9/Materials | Core integrity fell below 50% 1409 | -9/Materials | Lost 6 parts (2p1n1u2w) 1551 | -9/Materials | Core integrity fell below 20% 1580 | -9/Materials | Self-destructed Last Messages --------------- Acquired 20 matter. G-34 Mercenary destroyed. R-06 Scavenger collects Aluminum Leg. R-06 Scavenger collects Sml. Laser. Sneak attack on R-06 Scavenger. R-06 Scavenger suffers critical hit (Smash). Destroyed Com. Wheel. R-06 Scavenger system corrupted by crushing effect. R-06 Scavenger system terminally corrupted. Tractor Beam fried. Acquired Ion Engine. R-06 Scavenger collects Ion Engine. R-06 Scavenger collects Aluminum Leg. Sneak attack on R-06 Scavenger. R-06 Scavenger suffers critical hit (Smash). R-06 Scavenger destroyed. Acquired Aluminum Leg. G-34 Mercenary knocked back. Hammer destroyed. Kicked G-34 Mercenary out of the way. Map ----- +----------------------------------------------------+ | | | | | | | | | ?????????????????????????????????????????????????? | | ?????????????????????????????????????????????????? | | ?????????????????????????????????????????????????? | | ?????????????????????????????????????????????????? | | ?????????????????????????????????????????????????? | | ?????????????????????????????????????????????????? | | ?????????????????????????????????????????????????? | | ?????????????????????????????????????????????????? | | ?????????????????????????????????????????????????? | | ?????????????????????????????????????????????????? | | ?????????????????????????????????????????????????? | | ?????????????????????????????????????????????????? | | ?????????????????????????????????????????????????? | | ?????????????????????????????????????????????????? | | ?????????????????????????????????????????????????? | | ?????????????????????????????????????????????????? | | ?????????????????#???????????????????????????????? | | ?????????????????# ??????????????????????????????? | | ?????????????????# ?????###??????????????????????? | | ????????????#+#### ?#### ###????????????????????? | | ????????????? ?# gg !!#????????????????????? | | ???????? ???? ?# ""@!!#????????????????????? | | ???????? ?# "T #????????????????????? | | ????????? """ # ""Y !#????????????????????? | | ??????????# """ # #????????????????????? | | ??????????# """ # #????????????????????? | | ??????????# #+######????????????????????? | | ??????????# #???????????????????????? | | ??????????# ""T"" #### #???????????????? | | ?????????????""""" ?????????? | | ?????????????#########/#########?????????????????? | | ?????????????????# #????????????????????????? | | ?????????????????# ! *#????????????????????????? | | ?????????????????# """%=#????????????????????????? | | ?????????????????# """*%###########??????????????? | | ?????????????????# """% + / ????????? | | ?????????????????# [ ###########??????????????? | | ?????????????????###+#####???????????????????????? | | ???????????????????# ### ###?????????????????????? | | ?#######???????????# # #?????????????????????? | | #????????####%# """ #?????????????????????? | | """ #????????# *%%+ """ #?????????????????????? | | """ #????????# # """ #?????????????????????? | | """ #????????# % %# #?????????????????????? | | #????????# ##+#######?????????????????????? | | """ #????????# # #????????????????????????? | +----------------------------------------------------+ Best States ------------- Heat Dissipation 28 Energy Generation 17 Energy Capacity 415 Matter Stores 300 Matter Capacity 300 Sight Range 18 Terrain Scan Density 10 ECM Strength 1 Armor Coverage 150 Evasion (%) 50 Targeting Accuracy 5 Item Schematics ----------------- Particle Gun | -9/Materials | Scanalyzed Robot Schematics ------------------ None Fabricated ------------ Nothing Repaired ---------- Nothing Alien Tech Used ----------------- None Achievements -------------- None Challenges ------------ None Game ------ Seed MediumCannonMinigun Manual? 0 Play Time 00:12:53 Cumulative 7.7 hours Start 2025.05.10 @ 01:23:36 End 2025.05.10 @ 21:27:24 Sessions 3 Manual Loads 0 Difficulty Rogue Special Mode None Game No. 29 Rogue 29 Adventurer 0 Explorer 0 Win Type - Total 0 Types 0/0/0/0/0/0/0/0/0/0 Lore% 6 Gallery% 13 Achievement% 12 Wizard Run 0 Options --------- Layout 0 ASCII 0 Keyboard 0 Movement Arrows Keybinds 0 Fullscreen 1 Font 24/Smallcaps Map View 56x25 Zoom Use 92% Tactical HUD 0 Map Filters NONE Filters NONE Steam 1 RUN: dc59ba74-f0a2-4504-9794-eb9722130298